 Dungeon Crawl Stone Soup version 0.28.0-43-g3370ac3207 (webtiles) character file.

Game seed: 1613427932261050643

116 sking99 the Poker (level 4, -4/38 HPs)
             Began as a Draconian Warper on Mar 14, 2022.
             Slain by Terence
             ... wielding a +0 flail
              (6 damage)
             ... on level 3 of the Dungeon.
             The game lasted 00:04:36 (3123 turns).

sking99 the Poker (Draconian Warper)                Turns: 3123, Time: 00:04:37

Health: -4/38      AC:  6    Str: 16    XL:     4   Next: 69%
Magic:  7/7        EV: 10    Int: 13    God:
Gold:   170        SH:  6    Dex: 10    Spells: 4/7 levels left

rFire   . . .      SeeInvis .   a - +0 spear
rCold   . . .      Faith    .   e - +0 kite shield
rNeg    . . .      Spirit   .   (armour unavailable)
rPois   .          Reflect  .   (helmet restricted)
rElec   .          Harm     .   h - +0 cloak
rCorr   .          Rampage  .   (no gloves)
Will    .....                   (no boots)
Stlth   +.........              (no amulet)
HPRegen 0.12/turn               (no ring)
MPRegen 0.10/turn               (no ring)

@: brilliant
A: AC +5, unfitting armour, cold-blooded
a: no special abilities


You were on level 3 of the Dungeon.
You visited 1 branch of the dungeon, and saw 3 of its levels.

You collected 170 gold pieces.

Inventory:

Hand Weapons
 a - a +0 spear (weapon)
Missiles
 c - 5 boomerangs of dispersal (quivered)
Armour
 e - a +0 kite shield (worn)
 h - a +0 cloak (worn)
Scrolls
 b - 2 scrolls of blinking
 d - a scroll of amnesia {unknown}
 g - a scroll of identify {unknown}
 i - a scroll of holy word {unknown}
 j - a scroll of fog {unknown}
 k - a scroll of enchant armour {unknown}


   Skills:
 + Level 3.2 Fighting
 * Level 3.5 Polearms
 - Level 0.8 Throwing
 - Level 2.1 Dodging
 + Level 1.1 Shields
 + Level 2.4 Spellcasting
 + Level 3.3 Translocations


You had 4 spell levels left.
You knew the following spells:

 Your Spells              Type           Power      Damage    Failure   Level
a - Blink                 Tloc           30%        N/A       32%         2
b - Apportation           Tloc           30%        N/A       22%         1

Your spell library contained the following spells:

 Spells                   Type           Power      Damage    Failure   Level
 Gell's Gravitas          Tloc           15%        N/A       54%         3
 Lesser Beckoning         Tloc           15%        N/A       54%         3
 Teleport Other           Tloc           15%        N/A       54%         3
 Manifold Assault         Tloc           15%        N/A       99%         5
 Alistair's Intoxication  Tmut/Pois      1%         N/A       100%        5


Dungeon Overview and Level Annotations

Branches:
Dungeon (3/15)

Altars:
The Shining One

Annotations:
D:3 Terence


Innate Abilities, Weirdness & Mutations

Your plain brown scales are hard. (AC +5)
You cannot fit into any form of body armour.
You are cold-blooded and may be slowed by cold attacks.


Message History

Terence is severely wounded.
Terence hits you with a +0 flail.
You hit Terence but do no damage.
Terence is severely wounded.
You block Terence's attack.
You hit Terence but do no damage.
Terence is severely wounded.
Terence hits you with a +0 flail. You block Terence's attack.
You hit Terence but do no damage.
You tail-slap Terence, but do no damage.
Terence is severely wounded.
Terence completely misses you.
You hit Terence but do no damage.
Terence is severely wounded.
Terence hits you but does no damage.
You hit Terence but do no damage.
Terence is severely wounded.
Terence says, "Don't bother to defend, it's useless."
Terence hits you but does no damage.
You barely miss Terence.
Terence is severely wounded.
Terence hits you with a +0 flail.
You completely miss Terence.
Terence is severely wounded.
Terence screams, "I want your blood!" Terence hits you but does no damage.
You hit Terence.
You tail-slap Terence, but do no damage.
Terence is almost dead.
Terence hits you with a +0 flail.
* * * LOW HITPOINT WARNING * * *
You barely miss Terence.
You tail-slap Terence, but do no damage.
Terence is almost dead.
Terence hits you with a +0 flail!
* * * LOW HITPOINT WARNING * * *
It was a potion of brilliance.
You feel clever all of a sudden. Terence hits you with a +0 flail.
You die...

#.... ..... #....
..... #....#
#.....
.....###.....
#...#...# #..!..#
.+###. ##[.(##
......
#...@.##.....>
#...#.@.#.....
......###....#
.....#####..##
............# .#
......####..####..
#### #........
#........
#........
#########........


You could see Terence.

Vanquished Creatures
  5 adders
  2 worms (D:2)
  4 dart slugs (D:1)
  5 orcs (D:3)
  7 ball pythons
  2 bats
  6 endoplasms
  2 hobgoblins (D:1)
  6 kobolds
  A quokka (D:2)
  A frilled lizard (D:2)
  5 goblins
  6 rats
52 creatures vanquished.

Notes
Turn   | Place    | Note
-------+----------+-------------------------------------------
     0 | D:1      | sking99 the Draconian Warper began the quest for the Orb.
     0 | D:1      | Reached XP level 1. HP: 17/17 MP: 3/3
   271 | D:1      | Reached XP level 2. HP: 18/25 MP: 5/5
   458 | D:1      | Found a faded altar of an unknown god.
   458 | D:1      | Noticed an ice devil
   508 | D:1      | Learned a level 2 spell: Blink
   930 | D:2      | Reached XP level 3. HP: 4/30 MP: 6/6
   932 | D:2      | HP: 1/30 [poisoned by an adder]
  1332 | D:2      | Learned a level 1 spell: Apportation
  2024 | D:2      | Found a glowing golden altar of the Shining One.
  2405 | D:2      | Reached XP level 4. HP: 38/38 MP: 7/7
  2555 | D:3      | Reached skill level 1 in Shields
  3094 | D:3      | Noticed Terence
  3123 | D:3      | Slain by Terence

Illustrated notes

Levels and vault maps discovered:
D:1:      psy_arrival_whirlpool, layout_basic,
          dreamdust_ecumenical_altar_sealed_demon
D:2:      layout_basic, basic_altar, kennysheep_generic_room_7
D:3:      layout_basic, minivault_14, minmay_circle_x, uniq_terence

Skill      XL: |  1  2  3  4 |
---------------+-------------+-----
Polearms       | 3 |  3.5
Fighting       | 3 |  3.2
Shields        | 1 |  1.1
Throwing       | |  0.8
Dodging        | |  2.1
Spellcasting   | |  2.4
Translocations | |  3.3

Action                   |  1- 3 |  4- 6 || total
-------------------------+-------+-------++-------
Melee: Spear             |   157 |    99 ||   256
       Tailslap          |    18 |    14 ||    32
  Use: Potion            |       |     1 ||     1
 Stab: Sleeping          |     3 |       ||     3
Armor: Skin              |    29 |    18 ||    47
Dodge: Dodged            |    49 |    31 ||    80
Block: Kite shield       |    34 |    19 ||    53
